 Dungeon Crawl Stone Soup version 0.30-a0-381-g6ea064c7b4 (webtiles) character file.

Game seed: 7982214630642921122

263368 qeuew the Hand of Fortune (level 20, -7/178 HPs)
             Began as a Hill Orc Fighter on Dec 1, 2022.
             Was the Champion of Nemelex Xobeh.
             Mangled by a ghoul (10 damage)
             ... on level 2 of the Abyss.
             The game lasted 01:00:39 (37882 turns).

qeuew the Hand of Fortune (Hill Orc Fighter)       Turns: 37882, Time: 01:00:40

Health: -7/178     AC: 37    Str: 38    XL:     20   Next: 1%
Magic:  2/34       EV: 13    Int:  5    God:    Nemelex Xobeh [******]
Gold:   2458       SH: 18    Dex: 14    Spells: 19/19 levels left

rFire   + . .      SeeInvis .    i - +8 demon trident "Rift" {distort, reach+}
rCold   + . .      Faith    .    N - +4 kite shield {AC+3}
rNeg    . . .      Spirit   .    R - +3 plate armour {rPois}
rPois   +          Reflect  .    m - +1 helmet "Xenk" {rF+ Str+4}
rElec   .          Harm     .    H - +2 cloak
rCorr   .          Rampage  .    J - +3 Mad Mage's Maulers {Infuse+∞ RegenMP Int-3}
Will    +....                    f - +3 pair of mountain boots {steadfast, rC+}
Stlth   ..........               (no amulet)
HPRegen 0.49/turn                p - ring of the Duchess {rPois Str+6}
MPRegen 0.64/turn                x - +6 ring of strength

@: about to teleport, marked, studying 2 skills
A: weak 1
}: 2/15 runes: decaying, serpentine
a: Renounce Religion, Draw Escape, Draw Destruction, Draw Summoning, Triple
Draw, Deal Four, Stack Five


You were on level 2 of the Abyss.
You worshipped Nemelex Xobeh.
Nemelex Xobeh was exalted by your worship.
You visited 7 branches of the dungeon, and saw 32 of its levels.
You visited the Abyss 1 time.
You also visited: Ossuary.

You collected 4719 gold pieces.
You spent 2261 gold pieces at shops.

Inventory:

Hand Weapons
 i - the +8 demon trident "Rift" (weapon) {distort, reach+}
   (You acquired it in the Ecumenical Temple)

   It warps and distorts space around it, and may blink, banish, or inflict
   extra damage upon those it strikes.
   Unwielding it can cause banishment or high damage.
   It can reach especially far, and its reaching attacks ignore other creatures
   in the way.
Missiles
 q - 6 throwing nets
Armour
 f - the +3 pair of mountain boots (worn) {steadfast, rC+}
   (You acquired it on level 2 of the Dungeon)

   It prevents involuntary movement, except for blinking, teleportation, or
   banishment.
   rC:        It protects you from cold.
 m - the +1 helmet "Xenk" (worn) {rF+ Str+4}
   (You found it on level 2 of the Dungeon)

   Str:       It affects your strength (+4).
   rF:        It protects you from fire.
 H - a +2 cloak (worn)
 J - the +3 Mad Mage's Maulers (worn) {Infuse+∞ RegenMP Int-3}
   (You found it on level 2 of the Lair of Beasts)

   It empowers its wearer's blows with all of their magic.
   It causes its wearer's magical reserves to regenerate more quickly.
   Int:       It affects your intelligence (-3).
 N - a +4 kite shield of protection (worn)
 R - a +3 plate armour of poison resistance (worn)
Jewellery
 e - a ring of see invisible
 h - a ring of wizardry
 p - the ring of the Duchess (left hand) {rPois Str+6}
   (You took it off an orc on level 4 of the Dungeon)

   [ring of strength]

   Str:       It affects your strength (+6).
   rPois:     It protects you from poison.
 x - a +6 ring of strength (right hand)
 C - a ring of flight
 I - a ring of positive energy
 O - a ring of protection from cold
 S - a ring of wizardry
Wands
 n - a wand of quicksilver (1)
 s - a wand of polymorph (24)
 t - a wand of iceblast (30)
 y - a wand of flame (79) (quivered)
 z - a wand of charming (24)
 K - a wand of digging (11)
 M - a wand of mindburst (6)
Scrolls
 c - 3 scrolls of poison
 g - 3 scrolls of summoning
 j - 4 scrolls of amnesia
 l - a scroll of brand weapon
 o - 3 scrolls of silence
 w - 8 scrolls of enchant weapon
 F - 6 scrolls of teleportation
 G - 11 scrolls of identify
 P - 2 scrolls of magic mapping
Potions
 b - 2 potions of magic
 d - 6 potions of might
 k - 4 potions of haste
 r - 13 potions of curing
 u - 5 potions of resistance
 v - 2 potions of invisibility
 A - 2 potions of heal wounds
 B - 2 potions of ambrosia
 D - 2 potions of mutation
 E - 4 potions of cancellation
 Q - 4 potions of flight
Miscellaneous
 a - a phantom mirror


   Skills:
 + Level 15.1 Fighting
 - Level 3.1(14.6) Axes
 * Level 18.5(18.6) Polearms
 + Level 13.9 Armour
 + Level 10.5 Dodging
 + Level 18.0 Shields
 * Level 21.4 Invocations
 + Level 12.1 Evocations


You had 19 spell levels left.
You didn't know any spells.
Your spell library contained the following spells:

 Spells                   Type           Power      Damage    Failure   Level
 Beastly Appendage        Tmut           0%         N/A       97%         1
 Freeze                   Ice            0%         1d3       97%         1
 Magic Dart               Conj           0%         1d3       97%         1
 Necrotise                Necr           0%         1d4       97%         1
 Call Imp                 Summ           0%         N/A       99%         2
 Cigotuvi's Dreadful Rot  Necr/Pois/Air  0%         N/A       99%         2
 Poisonous Vapours        Pois/Air       0%         N/A       99%         2
 Scorch                   Fire           0%         2d5       99%         2
 Frozen Ramparts          Ice            0%         1d1       100%        3
 Hailstorm                Conj/Ice       0%         3d3       100%        3
 Inner Flame              Hex/Fire       0%         N/A       100%        3
 Kindle Blastsparks       Fire/Tloc/Air  0%         2d10      100%        3
 Mephitic Cloud           Conj/Pois/Air  0%         N/A       100%        3
 Ozocubu's Armour         Ice            0%         N/A       100%        3
 Portal Projectile        Hex/Tloc       0%         N/A       100%        3
 Tukima's Dance           Hex            0%         N/A       100%        3
 Vampiric Draining        Necr           0%         2d6       100%        3
 Cause Fear               Hex            0%         N/A       100%        4
 Fulminant Prism          Conj/Hex       0%         3d5       100%        4
 Ice Form                 Ice/Tmut       0%         N/A       100%        4
 Iskenderun's Mystic Bla  Conj/Tloc      0%         2d3       100%        4
 Agony                    Necr           0%         N/A       100%        5
 Alistair's Intoxication  Tmut/Pois      0%         N/A       100%        5
 Blade Hands              Tmut           0%         N/A       100%        5
 Borgnjor's Vile Clutch   Necr/Erth      0%         N/A       100%        5
 Fireball                 Conj/Fire      0%         3d3       100%        5
 Irradiate                Conj/Tmut      0%         3d11      100%        5
 Iskenderun's Battlesphe  Conj           0%         2d6       100%        5
 Lee's Rapid Deconstruct  Erth           0%         3d4*      100%        5
 Metabolic Englaciation   Hex/Ice        0%         N/A       100%        5
 Conjure Ball Lightning   Conj/Air       0%         3x3d6     100%        6
 Eringya's Noxious Bog    Tmut/Pois      0%         N/A       100%        6
 Iron Shot                Conj/Erth      0%         9d1       100%        6
 Simulacrum               Ice/Necr       0%         N/A       100%        6
 Orb of Destruction       Conj           0%         9d5       100%        7
 Spellforged Servitor     Conj/Summ      0%         N/A       100%        7
 Storm Form               Tmut/Air       0%         N/A       100%        7
 Discord                  Hex            0%         N/A       100%        8


Dungeon Overview and Level Annotations

Branches:
Dungeon (15/15)            Temple (1/1) D:5            Lair (5/5) D:9
  Swamp (4/4) Lair:2        Snake (4/4) Lair:3        Slime (0/5) Lair:4
    Orc (2/2) D:11            Elf (0/3) Orc:2        Vaults (1/5) D:14
 Depths (0/4) D:15        Ossuary (visited)

Altars:
Ashenzari
Cheibriados
Dithmenos
Elyvilon
Fedhas
Gozag
Hepliaklqana
Kikubaaqudgha
Makhleb
Nemelex Xobeh
Okawaru
Qazlal
Ru
Sif Muna
Trog
Uskayaw
Vehumet
Wu Jian
Xom
Yredelemnul
Zin
The Shining One
Beogh
Jiyva

Shops:
D:12 (   D:13 ([=(   Orc:2 [*[(   Snake:1 :?(

Portals:
Trove: D:13 (give 6 scrolls of fear)

Annotations:
D:14 1 transporter
Snake:2 2 transporters
Vaults:1 3 runed translucent doors, Lobster4's ghost, adept HuWn


Innate Abilities, Weirdness & Mutations

You are weak. (Str -2)


Message History

Your polar bear barely misses the black mamba.
Your polar bear closely misses the black mamba.
You feel sick.
You are no longer poisoned.
The alligator slows down.
Your hell hound bites the ironbound preserver but does no damage.
Your red devil hits the bone dragon from afar with a +0 trident!
The bone dragon is skewered by barbed spikes.
Electricity crackles from the ironbound thunderhulk's apparatus.
The bolt of lightning hits you but does no damage.
Your rakshasa hits the bone dragon from afar with a +0 trident!
Your hell hound breathes flames at the ironbound preserver.
The blast of flame hits the ironbound preserver!
The yak gores your red devil!
You block the large abomination's attack.
The black mamba bites your hell hound!
Your hell hound dies!
Your hell hound's corpse disappears in a puff of smoke!
The kobold brigand hits your rakshasa with a +0 club.
The small abomination closely misses you.
You hear rumbling.
Your red devil hits the bone dragon but does no damage.
Things that are here:
a +0 long sword; a +0 plate armour; an adder corpse Unknown command.
Electricity crackles from the ironbound thunderhulk's apparatus.
The bolt of lightning hits you!!!
* * * LOW HITPOINT WARNING * * *
Your rakshasa blinks!
The black mamba closely misses your polar bear.
A smoke demon comes into view.
Your red devil hits the bone dragon from afar with a +0 trident.
The bone dragon is skewered by barbed spikes.
Your polar bear bites the ironbound preserver!
Your polar bear claws the ironbound preserver.
Your polar bear claws the ironbound preserver but does no damage.
The kobold brigand hits your rakshasa but does no damage.
The ghoul claws you!
You die...
Your body disappears without a glow.

......... .
.#.....C.#.
....†OK..#.
...4..SR.3
....cYphN#
......4..#
..N...Q†D# #
......nxX#..###
...S.ku@††..'...
...t.....#..#...
.#.#.##.##..# #
## ### #.# #N.
.#. .


You could see a bone dragon (slow, skewered, ally target), a ghoul (slow), an
ironbound preserver (slow), a cyan very ugly thing, an ironbound thunderhulk, a
tengu reaver (slow), an alligator, 2 naga sharpshooters, a lindwurm (slow), a
cyclops (slow), a large abomination (slow), a mana viper (slow), a yaktaur, an
ice devil, a black mamba (slow), a yak (slow, ally target), a smoke demon, a
kobold brigand, a small abomination, a friendly rakshasa (summoned), a friendly
polar bear (summoned, extremely poisoned, slow) and a friendly red devil
(summoned, fast).

Vanquished Creatures
  A tentacled monstrosity (Swamp:4)
  Asterion (Snake:1)
  5 nagarajas
  A thorn hunter (Swamp:2)
  Donald (Swamp:1)
  A tengu reaver (D:15)
  2 fire giants
  A fenstrider witch (Swamp:3)
  2 frost giants (D:15)
  8 ghouls
  2 vault wardens (Vaults:1)
  2 orc warlords (Abyss:2)
  4 ironbound preservers (Vaults:1)
  4 very ugly things
  An eleionoma (Swamp:3)
  A red draconian (Lair:4)
  2 bunyips
  Snorg (D:13)
  The ghost of Dodiz the Carver, a journeyman BaFi of Cheibriados (D:13)
  A green death (Swamp:4)
  2 fire dragons (D:15)
  An ice dragon (D:15)
  3 great orbs of eyes
  A salamander tyrant (Snake:4)
  6 vault guards
  18 hydras
  A ghost crab (Swamp:2)
  3 catoblepae
  Erica (D:9)
  12 centaur warriors
  2 two-headed ogres
  7 boulder beetles
  3 ironbound frosthearts (Vaults:1)
  11 naga warriors
  4 ogre magi (D:15)
  10 anacondas
  6 death yaks
  13 alligators
  A thrashing horror (Swamp:4)
  8 naga sharpshooters
  An orc high priest (Orc:1)
  6 tengu warriors
  6 shock serpents
  6 skeletal warriors
  A deep elf knight (D:13)
  A fire crab (D:15)
  7 goliath frogs
  Lodul (D:13)
  A salamander mystic (Snake:4)
  A spriggan druid (Swamp:2)
  4 naga ritualists
  A sea snake (Snake:3)
  3 swamp dragons
  A glowing orange brain (Vaults:1)
  3 lindwurms (Vaults:1)
  A flayed ghost (D:15)
  7 bog bodies
  7 deep trolls (Vaults:1)
  9 orc knights
  A wizard (Vaults:1)
  3 ironbound convokers (Vaults:1)
  Pikel (D:4)
  3 mana vipers
  4 deep elf pyromancers
  4 necromancers
  2 lindwurms (shapeshifter) (D:15)
  5 orc sorcerers
  10 ugly things
  12 cyclopes
  3 will-o-the-wisps
  4 manticores
  10 naga magi
  4 salamanders
  17 elephants
  A water nymph (Swamp:1)
  17 black mambas
  4 guardian serpents
  An ice statue (Lair:2)
  4 vault sentinels (Vaults:1)
  A gargoyle (D:13)
  An unseen horror zombie (D:8)
  A komodo dragon (shapeshifter) (D:15)
  10 cane toads
  6 rime drakes
  2 unseen horrors
  4 yaktaurs
  An anaconda simulacrum (Lair:2)
  12 komodo dragons
  3 freezing wraiths
  3 tengu conjurers (D:15)
  An ice devil (Lair:2)
  3 efreet
  4 tyrant leeches
  6 trolls
  2 bloated husks
  3 polar bears
  Grinder (D:4)
  10 hornets
  5 dream sheep (Lair:3)
  23 slime creatures
  7 blink frogs (Lair:4)
  9 spriggans
  Sigmund (D:5)
  2 ettin skeletons (Orc:1)
  A vampire (D:13)
  A centaur simulacrum (D:15)
  4 basilisks
  2 shadows (Swamp:4)
  30 yaks
  3 wyverns
  Grum (D:8)
  4 wraiths
  8 humans (D:14)
  3 redbacks
  A hog (D:15)
  17 vampire mosquitoes
  Menkaure (D:5)
  35 nagas
  18 swamp worms
  Edmund (D:5)
  12 water moccasins
  3 wargs
  3 hell hounds (D:14)
  A sky beast (D:7)
  40 orc warriors
  6 black bears
  2 ice beasts (D:6)
  4 swamp drakes
  12 wolves
  A boggart (D:15)
  18 ogres
  A tengu (Lair:5)
  A lemure (D:5)
  A phantom (D:6)
  9 centaurs
  A small abomination (Swamp:4)
  An elf zombie (Ossuary)
  7 bullfrogs
  7 necrophages
  A two-headed ogre simulacrum (Lair:2)
  A cane toad simulacrum (Lair:2)
  3 gnoll sergeants
  6 scorpions
  18 wights
  A warg zombie (Orc:1)
  2 cyclops skeletons
  9 killer bees (D:9)
  An orc simulacrum (Orc:1)
  4 howler monkeys
  5 electric eels
  A troll skeleton (Orc:1)
  A centaur zombie (D:8)
  3 hounds
  8 jellies
  30 orc priests
  A gnoll bouda (Orc:1)
  5 iguanas
  Crazy Yiuf (D:6)
  Ijyb (D:5)
  24 orc wizards
  A polar bear simulacrum (Lair:2)
  7 hell rats
  A troll simulacrum (Lair:2)
  A killer bee zombie (D:8)
  A wolf simulacrum (Lair:2)
  A human simulacrum (D:10)
  An ogre skeleton (Orc:1)
  A boggart simulacrum (D:15)
  2 mummies (Ossuary)
  A howler monkey zombie (D:8)
  27 gnolls
  3 adders
  4 orc skeletons (Orc:1)
  2 shadow imps
  2 white imps
  An ufetubus (D:5)
  3 adder zombies (Ossuary)
  2 dart slugs
  85 orcs
  8 ball pythons
  3 endoplasms
  3 giant cockroaches
  A goblin (D:4)
  7 hobgoblins
  6 jackals
  4 quokkas
  9 bats
  6 frilled lizards
  13 hobgoblin zombies (Ossuary)
  A jackal skeleton (D:2)
  2 jackal zombies (Ossuary)
  8 kobolds
  8 kobold zombies (Ossuary)
  6 orc zombies (Ossuary)
  A quokka zombie (D:2)
  2 rats (D:1)
  2 rat zombies (Ossuary)
1075 creatures vanquished.

Vanquished Creatures (collateral kills)
  A sphinx (Abyss:2)
  A nagaraja (Snake:4)
  A very ugly thing (Abyss:2)
  A green death (Swamp:4)
  A salamander tyrant (Snake:4)
  2 anacondas (Snake:4)
  An alligator (Swamp:4)
  A naga warrior (Snake:4)
  3 naga sharpshooters (Snake:4)
  A skeletal warrior (Abyss:2)
  A goliath frog (Swamp:2)
  A naga ritualist (Snake:4)
  4 bog bodies
  A harpy (shapeshifter) (Abyss:2)
  A mana viper (Snake:4)
  A manticore (Lair:1)
  2 ugly things (Swamp:4)
  A salamander (Snake:4)
  3 elephants
  A naga mage (Snake:4)
  A black mamba (Snake:4)
  A vault sentinel (Vaults:1)
  A cane toad (Abyss:2)
  2 yaktaurs (Vaults:1)
  2 shadows (Swamp:4)
  A yak (Abyss:2)
  A basilisk (Abyss:2)
  3 wolves (Lair:2)
  A necrophage (Abyss:2)
  A killer bee (Lair:4)
  A howler monkey (Lair:4)
  3 jellies (Lair:4)
  An adder (Abyss:2)
  A quokka (Lair:4)
49 creatures vanquished.

Vanquished Creatures (others)
  A fire giant (D:15)
  An alligator (Lair:1)
  A lindwurm (Lair:5)
  A naga mage (Snake:3)
  A bloated husk (Swamp:3)
  A bullfrog (Lair:4)
  A hound (Lair:4)
  A human simulacrum (D:10)
  12 foxfires
  5 fungi
  23 plants
  A withered plant (D:2)
49 creatures vanquished.

Grand Total: 1173 creatures vanquished

Notes
Turn   | Place    | Note
-------+----------+-------------------------------------------
     0 | D:1      | qeuew the Hill Orc Fighter began the quest for the Orb.
     0 | D:1      | Reached XP level 1. HP: 19/19 MP: 1/1
   304 | D:1      | Reached XP level 2. HP: 23/27 MP: 2/2
   596 | D:1      | Gained mutation: You are partially covered in iridescent
                  | scales. (AC +2) [potion of mutation]
   596 | D:1      | Gained mutation: You are weak. (Str -2) [potion of
                  | mutation]
   598 | D:1      | Lost mutation: You are partially covered in iridescent
                  | scales. (AC +2) [potion of mutation]
   598 | D:1      | Lost mutation: You are weak. (Str -2) [potion of mutation]
   598 | D:1      | Gained mutation: You have a pair of small horns on your
                  | head. [potion of mutation]
   598 | D:1      | Gained mutation: You are dopey. (Int -2) [potion of
                  | mutation]
   598 | D:1      | Gained mutation: You are agile. (Dex +4, Str/Int -1)
                  | [potion of mutation]
   700 | D:2      | Identified the +9 trident "Suhoaros" {vorpal, rPois Int+4
                  | Dex+3}
   729 | D:2      | Reached XP level 3. HP: 33/33 MP: 3/3
   752 | D:2      | Identified the +1 helmet "Xenk" {rF+ Str+4}
  1023 | D:2      | Reached skill level 1 in Dodging
  1113 | D:2      | Identified a scroll of acquirement
  1113 | D:2      | Acquired the +3 pair of mountain boots {steadfast, rC+}
  1113 | D:2      | Found the +3 pair of mountain boots {steadfast, rC+}
  1181 | D:3      | Reached XP level 4. HP: 39/40 MP: 4/4
  1217 | D:3      | Found a hazy altar of Hepliaklqana.
  1217 | D:3      | Found a faded altar of an unknown god.
  1230 | D:3      | Prayed at the altar of an unknown god.
  1230 | D:3      | Became a worshipper of Elyvilon the Healer
  1230 | D:3      | Reached * piety under Elyvilon
  1295 | D:3      | Reached skill level 1 in Polearms
  1296 | D:3      | Reached skill level 1 in Invocations
  1375 | D:3      | Found a snail-covered altar of Cheibriados.
  1468 | D:3      | Reached XP level 5. HP: 47/47 MP: 4/6
  1578 | D:3      | Reached ** piety under Elyvilon
  1791 | D:4      | Reached skill level 2 in Invocations
  1817 | D:4      | Lost mutation: You have a pair of small horns on your head.
                  | [potion of mutation]
  1817 | D:4      | Lost mutation: You are agile. (Dex +4, Str/Int -1) [potion
                  | of mutation]
  1817 | D:4      | Lost mutation: You are dopey. (Int -2) [potion of mutation]
  1817 | D:4      | Gained mutation: You are strong-willed. (Will+) [potion of
                  | mutation]
  1817 | D:4      | Gained mutation: You passively map a small area around you.
                  | [potion of mutation]
  1817 | D:4      | Gained mutation: You have large cloven feet. [potion of
                  | mutation]
  1823 | D:4      | Lost mutation: You have large cloven feet. [potion of
                  | mutation]
  1823 | D:4      | Lost mutation: You are strong-willed. (Will+) [potion of
                  | mutation]
  1823 | D:4      | Lost mutation: You passively map a small area around you.
                  | [potion of mutation]
  1823 | D:4      | Gained mutation: You are agile. (Dex +4, Str/Int -1)
                  | [potion of mutation]
  1823 | D:4      | Gained mutation: You have sharp toenails. [potion of
                  | mutation]
  1823 | D:4      | Gained mutation: You have a pair of small antennae on your
                  | head. [potion of mutation]
  1851 | D:4      | Identified the ring of the Duchess {rPois Str+6}
  1891 | D:4      | Found a bloodstained altar of Trog.
  1909 | D:4      | Reached XP level 6. HP: 34/53 MP: 7/7
  2330 | D:4      | Found a shimmering blue altar of Sif Muna.
  2420 | D:5      | Entered Level 5 of the Dungeon
  2432 | D:5      | Noticed Menkaure
  2438 | D:5      | Killed Menkaure
  2439 | D:5      | Reached skill level 3 in Invocations
  2516 | D:5      | Reached *** piety under Elyvilon
  2563 | D:5      | Noticed Sigmund
  2568 | D:5      | Killed Sigmund
  2569 | D:5      | Reached skill level 5 in Fighting
  2569 | D:5      | Reached XP level 7. HP: 49/61 MP: 9/9
  2621 | D:5      | Reached skill level 4 in Invocations
  2623 | D:5      | Noticed Pikel
  2661 | D:4      | Killed Pikel
  2662 | D:4      | Reached skill level 5 in Armour
  2662 | D:4      | Reached skill level 5 in Invocations
  2662 | D:4      | Reached skill level 1 in Evocations
  2662 | D:4      | Reached XP level 8. HP: 49/69 MP: 11/11
  2742 | D:5      | Found a staircase to the Ecumenical Temple.
  2747 | D:5      | Reached skill level 5 in Shields
  2779 | D:5      | Noticed Grinder
  2779 | D:5      | Paralysed by Grinder for 5 turns
  2794 | D:4      | Killed Grinder
  2795 | D:4      | Reached skill level 5 in Polearms
  2952 | D:5      | Reached skill level 6 in Invocations
  2971 | D:4      | Reached XP level 9. HP: 37/75 MP: 13/13
  3125 | Temple   | Entered the Ecumenical Temple
  3301 | Temple   | Fell from the grace of Elyvilon
  3301 | Temple   | Became a worshipper of Nemelex Xobeh the Trickster
  3375 | D:5      | Noticed Edmund
  3385 | D:5      | Killed Edmund
  3576 | Temple   | Acquired the +8 demon trident "Rift" {distort, reach+}
  3576 | Temple   | Found the +8 demon trident "Rift" {distort, reach+}
  3588 | D:5      | Reached skill level 7 in Invocations
  3683 | D:5      | Noticed Ijyb
  3693 | D:5      | Killed Ijyb
  3840 | D:5      | Found a sacrificial altar of Ru.
  4101 | D:6      | Found a radiant altar of Vehumet.
  4234 | D:6      | Reached * piety under Nemelex Xobeh
  4432 | D:6      | Reached skill level 8 in Invocations
  4437 | D:6      | Reached XP level 10. HP: 48/84 MP: 14/16
  4630 | D:6      | Received a gift from Nemelex Xobeh
  4634 | D:6      | Found a burning altar of Makhleb.
  4843 | D:6      | Found a runed translucent door.
  4844 | D:6      | Noticed Crazy Yiuf
  5030 | D:6      | Killed Crazy Yiuf
  5160 | D:7      | Found a sand-covered staircase.
  5165 | Ossuary  | Entered an ossuary
  5685 | D:7      | Reached ** piety under Nemelex Xobeh
  5987 | D:8      | Noticed a green ugly thing
  5995 | D:8      | Killed a green ugly thing
  5996 | D:8      | Reached skill level 9 in Invocations
  6002 | D:8      | Noticed Grum
  6016 | D:8      | Killed Grum
  6093 | D:8      | Found a shadowy altar of Dithmenos.
  6123 | D:8      | Identified the +7 falchion "Fuqur" {flame, rN++ rCorr Dex-3
                  | Stlth+}
  6227 | D:8      | Found a blossoming altar of Fedhas.
  6269 | D:8      | Found a glowing silver altar of Zin.
  6273 | D:8      | Found an ornate altar of the Wu Jian Council.
  6754 | D:8      | Reached XP level 11. HP: 93/93 MP: 18/18
  6757 | D:8      | Acquired a manual of Shields
  7015 | D:9      | Received a gift from Nemelex Xobeh
  7154 | D:9      | Reached skill level 10 in Invocations
  7225 | D:9      | Identified the +2 spear "Qahavi Onyu" {holy, rElec Str+6
                  | Dex+3}
  7251 | D:9      | Reached *** piety under Nemelex Xobeh
  7252 | D:9      | Lost mutation: You have sharp toenails. [potion of
                  | mutation]
  7252 | D:9      | Lost mutation: You are agile. (Dex +4, Str/Int -1) [potion
                  | of mutation]
  7252 | D:9      | Lost mutation: You have a pair of small antennae on your
                  | head. [potion of mutation]
  7252 | D:9      | Gained mutation: You are weak. (Str -2) [potion of
                  | mutation]
  7300 | D:9      | Found a staircase to the Lair.
  7318 | D:9      | Noticed Erica
  7343 | D:9      | Killed Erica
  7352 | D:9      | Reached skill level 5 in Evocations
  7589 | D:9      | Noticed a two-headed ogre
  7597 | D:9      | Killed a two-headed ogre
  8113 | Lair:1   | Entered Level 1 of the Lair of Beasts
  8159 | Lair:1   | Received a gift from Nemelex Xobeh
  8351 | Lair:1   | Got the Atlas of the Arsonist and Metamorphosis
  8371 | Lair:1   | Reached skill level 5 in Dodging
  8451 | Lair:1   | Reached skill level 11 in Invocations
  8800 | Lair:1   | Noticed an alligator
  8811 | Lair:1   | Noticed a manticore
  8811 | Lair:1   | HP: 3/95 [alligator (8)]
  8840 | Lair:1   | Killed a manticore
  8841 | Lair:1   | Reached XP level 12. HP: 14/103 MP: 20/20
  9170 | D:10     | Entered Level 10 of the Dungeon
  9272 | D:10     | Reached skill level 10 in Polearms
  9313 | D:10     | Received a gift from Nemelex Xobeh
  9494 | D:10     | Identified the +1 robe of the Blessed Realm {Harm rC+
                  | Dex+3}
  9497 | D:10     | Reached **** piety under Nemelex Xobeh
  9585 | D:10     | Received a gift from Nemelex Xobeh
  9856 | D:11     | Found a staircase to the Orcish Mines.
 10346 | D:11     | Received a gift from Nemelex Xobeh
 10525 | D:11     | Reached skill level 12 in Invocations
 11267 | Lair:2   | Received a gift from Nemelex Xobeh
 11286 | Lair:2   | Reached ***** piety under Nemelex Xobeh
 11485 | Lair:2   | Noticed a boulder beetle
 11491 | Lair:2   | Banished a boulder beetle
 11537 | Lair:2   | Reached skill level 10 in Shields
 11704 | Lair:2   | Noticed a death yak
 11711 | Lair:2   | Noticed a death yak
 11711 | Lair:2   | Noticed a death yak
 11717 | Lair:2   | Killed a death yak
 11718 | Lair:2   | Reached XP level 13. HP: 86/111 MP: 22/22
 11738 | Lair:2   | Reached skill level 13 in Invocations
 11891 | Lair:2   | Found a staircase to the Swamp.
 12056 | Lair:2   | Received a gift from Nemelex Xobeh
 12088 | Lair:2   | Found the +3 Mad Mage's Maulers {Infuse+∞ RegenMP Int-3}
 12618 | Lair:2   | Acquired 725 gold pieces
 12989 | Lair:3   | Reached skill level 10 in Fighting
 13186 | Lair:3   | Found a staircase to the Snake Pit.
 13879 | Lair:4   | Reached skill level 14 in Invocations
 14196 | Lair:4   | Received a gift from Nemelex Xobeh
 14538 | Lair:4   | Reached XP level 14. HP: 122/122 MP: 1/24
 14615 | Lair:4   | a death yak changed into a red draconian
 14615 | Lair:4   | Noticed a red draconian
 14623 | Lair:4   | Killed a red draconian
 14650 | Lair:4   | Found a viscous altar of Jiyva.
 14652 | Lair:4   | Found a staircase to the Slime Pits.
 14929 | Lair:5   | Entered Level 5 of the Lair of Beasts
 14957 | Lair:5   | Reached skill level 10 in Armour
 15349 | Lair:5   | Received a gift from Nemelex Xobeh
 15409 | Lair:5   | Reached skill level 15 in Invocations
 16025 | Snake:1  | Entered Level 1 of the Snake Pit
 16833 | Snake:1  | Found Kemnepro's Magic Scroll Shop.
 16843 | Snake:1  | Found Kauzib's Book Boutique.
 16897 | Snake:1  | Bought a manual of Shields for 1520 gold pieces
 16956 | Snake:1  | Noticed Asterion
 16958 | Snake:1  | Noticed an Executioner
 16970 | Snake:1  | Killed Asterion
 17177 | Snake:1  | Received a gift from Nemelex Xobeh
 17218 | Snake:1  | Found Cuihoups's Weapon Shoppe.
 17451 | Snake:2  | Reached XP level 15. HP: 68/130 MP: 0/26
 17666 | Snake:2  | Reached ****** piety under Nemelex Xobeh
 17858 | Snake:2  | Found a glowing silver altar of Zin.
 18020 | Snake:2  | Found a transporter.
 18021 | Snake:2  | Noticed a nagaraja
 18547 | Snake:2  | Received a gift from Nemelex Xobeh
 18870 | Snake:2  | Found a transporter.
 18944 | Snake:3  | Reached skill level 16 in Invocations
 19704 | Snake:3  | Received a gift from Nemelex Xobeh
 20020 | Snake:4  | Entered Level 4 of the Snake Pit
 20476 | Snake:4  | Received a gift from Nemelex Xobeh
 20648 | Snake:4  | Noticed a nagaraja
 20653 | Snake:4  | Identified the +3 executioner's axe of Xig Pizy {vorpal,
                  | rN+ Str+4 SInv}
 20654 | Snake:4  | Killed a nagaraja
 20693 | Snake:4  | Reached XP level 16. HP: 39/139 MP: 1/28
 20698 | Snake:4  | Noticed a nagaraja
 20702 | Snake:4  | Reached skill level 17 in Invocations
 20708 | Snake:4  | Banished a nagaraja
 20948 | Snake:4  | Noticed a nagaraja
 20957 | Snake:4  | Noticed a nagaraja
 20966 | Snake:4  | Killed a nagaraja
 20966 | Snake:4  | Killed a nagaraja
 20978 | Snake:4  | Noticed a nagaraja
 20984 | Snake:4  | Noticed a nagaraja
 21190 | Snake:4  | Killed a nagaraja
 21191 | Snake:4  | Reached skill level 15 in Polearms
 21197 | Snake:4  | Killed a nagaraja
 21232 | Snake:4  | Got a serpentine rune of Zot
 21863 | D:12     | Received a gift from Nemelex Xobeh
 21919 | D:12     | Found Utrud's Weapon Shoppe.
 22340 | Orc:1    | Entered Level 1 of the Orcish Mines
 22343 | Orc:1    | Found a roughly hewn altar of Beogh.
 23179 | Orc:1    | Found a roughly hewn altar of Beogh.
 23380 | Orc:2    | Entered Level 2 of the Orcish Mines
 23520 | Orc:2    | Received a gift from Nemelex Xobeh
 23742 | Orc:2    | Found a roughly hewn altar of Beogh.
 23963 | Orc:2    | Found a staircase to the Elven Halls.
 24095 | Orc:2    | Received a gift from Nemelex Xobeh
 24160 | Orc:2    | Found a roughly hewn altar of Beogh.
 24240 | Orc:2    | Found Peusytt's Antique Armour Emporium.
 24261 | Orc:2    | Found a roughly hewn altar of Beogh.
 24342 | Orc:2    | Found a roughly hewn altar of Beogh.
 24424 | Orc:2    | Found a roughly hewn altar of Beogh.
 24511 | Orc:2    | Found a roughly hewn altar of Beogh.
 24808 | Orc:2    | Found Luma's Antique Armour Boutique.
 24813 | Orc:2    | Found a roughly hewn altar of Beogh.
 24814 | Orc:2    | Found Geoli's Antique Weapon Shop.
 24827 | Orc:2    | Bought a runed chain mail for 195 gold pieces
 24907 | Orc:2    | Found Uscho Yfonn's Assorted Antiques.
 25089 | Swamp:1  | Entered Level 1 of the Swamp
 25301 | Swamp:1  | Reached skill level 18 in Invocations
 25440 | Swamp:1  | Reached skill level 10 in Evocations
 25775 | Swamp:1  | Reached XP level 17. HP: 149/149 MP: 0/30
 25867 | Swamp:1  | Identified the +2 leather armour of the Yeti {Fly rCorr
                  | Slay+3 Stlth+}
 25877 | Swamp:1  | Received a gift from Nemelex Xobeh
 25930 | Swamp:1  | Noticed Donald
 25944 | Swamp:1  | Killed Donald
 25945 | Swamp:1  | Reached skill level 15 in Shields
 26828 | Swamp:2  | Received a gift from Nemelex Xobeh
 28312 | Swamp:4  | Entered Level 4 of the Swamp
 28667 | Swamp:4  | Reached skill level 19 in Invocations
 29277 | Swamp:4  | Reached XP level 18. HP: 130/159 MP: 0/31
 29458 | Swamp:4  | Noticed a tentacled monstrosity
 29464 | Swamp:4  | Killed a tentacled monstrosity
 29684 | Swamp:4  | Got a decaying rune of Zot
 29868 | Swamp:4  | Received a gift from Nemelex Xobeh
 30171 | D:13     | Found Woerep's Weapon Emporium.
 30297 | D:13     | Found a runed translucent gate.
 30297 | D:13     | Found a runed translucent gate.
 30298 | D:13     | Found a runed translucent gate.
 30299 | D:13     | Noticed Dodiz's ghost (journeyman BaFi)
 30323 | D:13     | Found Ygois's Jewellery Boutique.
 30332 | D:13     | Found Otwoext's Antique Armour Shop.
 30386 | D:13     | Bought a shiny plate armour for 546 gold pieces
 30824 | D:13     | Received a gift from Nemelex Xobeh
 30844 | D:13     | Noticed Lodul
 30852 | D:13     | Killed Lodul
 30980 | D:13     | Found a portal to a secret trove of treasure.
 30989 | D:13     | Found Oduloes's Antique Weapon Boutique.
 31167 | D:13     | Noticed Snorg
 31176 | D:13     | Killed Snorg
 31726 | D:13     | Found an iron altar of Okawaru.
 31751 | D:13     | Killed Dodiz's ghost
 32275 | D:14     | Found an iron altar of Okawaru.
 32282 | D:14     | Identified the +10 mace "Uniuwukan" {venom, rN+ Str+3 Dex+3
                  | SInv}
 32284 | D:14     | Identified the +9 falchion "Xuwij" {holy, rPois rF+ Will++
                  | Dex-4}
 32323 | D:14     | Received a gift from Nemelex Xobeh
 32379 | D:14     | Found a transporter.
 32477 | D:14     | Found a transporter.
 32895 | D:14     | Found a gate to the Vaults.
 33127 | D:14     | Received a gift from Nemelex Xobeh
 33370 | D:15     | Entered Level 15 of the Dungeon
 33384 | D:15     | Reached skill level 20 in Invocations
 34015 | D:15     | Found a staircase to the Depths.
 34077 | D:15     | Found an ornate altar of the Wu Jian Council.
 34078 | D:15     | Found a glowing silver altar of Zin.
 34079 | D:15     | Found an ornate altar of the Wu Jian Council.
 34269 | D:15     | Received a gift from Nemelex Xobeh
 34707 | D:15     | Reached skill level 10 in Dodging
 34764 | D:15     | Reached XP level 19. HP: 168/168 MP: 0/33
 36107 | Vaults:1 | Entered Level 1 of the Vaults
 36578 | Vaults:1 | Received a gift from Nemelex Xobeh
 36667 | Vaults:1 | Found a runed translucent gate.
 36667 | Vaults:1 | Found a runed translucent gate.
 36667 | Vaults:1 | Found a runed translucent gate.
 36669 | Vaults:1 | Noticed Lobster4's ghost (adept HuWn)
 36720 | Vaults:1 | Reached skill level 21 in Invocations
 37644 | Vaults:1 | Received a gift from Nemelex Xobeh
 37695 | Vaults:1 | Reached skill level 15 in Fighting
 37824 | Abyss:2  | Cast into level 2 of the Abyss (a wizard)
 37874 | Abyss:2  | Noticed a bone dragon
 37876 | Abyss:2  | Reached XP level 20. HP: 31/178 MP: 1/34
 37882 | Abyss:2  | HP: 3/178 [ironbound thunderhulk/bolt of lightning (44)]
 37882 | Abyss:2  | Mangled by a ghoul

Illustrated notes

Levels and vault maps discovered:
D:1:      psy_arrival_spokes, layout_basic
D:2:      layout_basic, serial_undead, serial_undead_e, serial_undead_b,
          serial_undead_b, serial_undead_f
D:3:      layout_rooms, general_overflow_altar,
          beargit_hepliaklqana_dungeon_heroes
D:4:      minmay_wonky_spiral, layout_loops_ring, trog_three_pillars_becter,
          nicolae_sif_muna_little_library
D:5:      layout_gridville, hangedman_ru_absence,
          minmay_temple_entry_junction_2, minmay_chambers_of_fives, uniq_pikel,
          uniq_menkaure, uniq_edmund, uniq_ijyb, uniq_grinder, uniq_sigmund
D:6:      layout_basic, mainiacjoe_overflow_alcove_2, vehumet_crystals,
          serial_corexii_hall, chequers_hall_statues_wall_a,
          corexii_hall_statues_x, minmay_manual_mail, uniq_crazy_yiuf_cottage
D:7:      layout_cave_pools, nicolae_ossuary_entry_plus,
          kb_lookout_dungeons_type, moated_statue
D:8:      layout_loops_cross, mainiacjoe_overflow_small_starburst,
          fedhas_altar_decomposition, minitemple, uniq_grum
D:9:      layout_gridville, grunt_lair_entry_orc_guard_hut, uniq_erica
D:10:     layout_rooms, bh_circular_ruins
D:11:     layout_gridville, david_orc_1_choice
D:12:     layout_rooms, serial_shops, nicolae_shop_bloodbath_and_beyond
D:13:     layout_loops_corners, nicolae_trove_entry_free_sample, serial_shops,
          nicolae_shop_statue_plus, nicolae_shop_advertising_works
          [nicolae_subvault_shop_adworks], shop, shop,
          gammafunk_ghost_fury_of_okawaru, uniq_snorg, uniq_lodul
D:14:     gammafunk_cloud_chamber, layout_stronghold, ximxim_vaults_locker_room,
          okawaru_ov_weapons_minmay, minmay_rotating_lava
D:15:     hangedman_slaughterboxes, serial_shops
Temple:   nicolae_temple_bog_church
Lair:1:   layout_long_grid, serial_rivers, chequers_serial_rivers_small_a,
          chequers_serial_rivers_room_a, chequers_serial_rivers_micro_d,
          chequers_serial_rivers_micro_b, nicolae_lair_lakeside_cave
Lair:2:   dreamdust_isle_of_ice, layout_cave_pods, minmay_swamp_entry_reptiles,
          grunt_megastairs_1
Lair:3:   layout_misc_corridors, guppyfry_snake_entry_island,
          beast_lair_carwin_8
Lair:4:   layout_cave_shapes, minmay_slime_entry_jelly_boxes,
          chequers_serial_rivers_room_b, nicolae_lair_grove_arrangements,
          minmay_holes, beast_lair_carwin_4
Lair:5:   minmay_lair_end_enchanted_forest, layout_regular_city,
          serial_bayou_lagoon_b, grunt_megastairs_4, infiniplex_staircase_pool
Swamp:1:  layout_basic_swamp, evilmike_swamp_ruin_house_3, swamp_pool5,
          uniq_donald
Swamp:2:  layout_basic_swamp, evilmike_swamp_ruin_house_1, swamp_pool2
Swamp:3:  layout_basic_swamp, evilmike_swamp_ruin_house_5,
          infiniplex_staircase_pool_2
Swamp:4:  swamp_vile, layout_basic_swamp
Snake:1:  layout_misc_corridors, serial_shops, shop,
          hangedman_snake_thin_pillar_pass, nicolae_triple_integral,
          minmay_shoptagon, uniq_asterion
Snake:2:  gammafunk_the_bubble [the_bubble_gammafunk_plus_minus], layout_basic,
          basic_altar
Snake:3:  layout_basic, serial_bayou_shore_b, serial_bayou_shore_a
Snake:4:  grunt_snake_rune_serpentine_throne, layout_onion_interference,
          corexii_hall_statues_deadend, st_stairs_10, uniq_vashnia
Orc:1:    dreamdust_under_siege, layout_diamond_mine, basic_altar
Orc:2:    grunt_orc_community_town_hall, layout_caves,
          grunt_orc_community_big_house_1, grunt_orc_community_big_house_2,
          grunt_orc_community_house_2, grunt_orc_community_house_1,
          grunt_orc_community_house_2, grunt_orc_community_house_3
Vaults:1: gammafunk_ghost_tricky_traps, hangedman_vaults_locks,
          ontoclasm_vaults_shuriken, vaults_dpeg_ring,
          nicolae_vaults_network_periphery, vaults_room_grunt_arrival_ludios,
          v_misc_23, v_misc_9, st_star, nicolae_vaults_little_squares_1,
          nicolae_vaults_hallways_thing, vaults_mumra_minichess_inversion,
          vaults_standard_mumra_x, nicolae_vaults_little_squares_1,
          nicolae_vaults_gold_heap, layout_vaults_ring
Abyss:2:  base:
Snake:2

Skill      XL: |  1  2  3  4  5  6  7  8  9 10 11 12 13 14 15 16 17 18 19 20 |
---------------+-------------------------------------------------------------+-----
Axes           | 3 |  3.1
Fighting       | 4 5 6 7 8 9 10 11 12 13 14 15 | 15.1
Dodging        | 1 2 3 4 5 6 7 8 9 10 | 10.5
Polearms       | 1 2 3 4 5 7 8 9 11 12 13 14 15 16 17 18 | 18.5
Invocations    | 1 2 3 5 6 8 9 11 12 14 15 16 18 19 20 21 | 21.4
Armour         | 4 5 6 7 8 9 10 11 12 13 | 13.9
Shields        | 4 5 6 8 10 11 12 13 14 16 17 18 | 18.0
Evocations     | 1 2 3 4 5 6 7 8 9 10 11 12 | 12.1

Action                   |  1- 3 |  4- 6 |  7- 9 | 10-12 | 13-15 | 16-18 | 19-21 || total
-------------------------+-------+-------+-------+-------+-------+-------+-------++-------
Melee: War axe           |    39 |       |       |       |       |       |       ||    39
       Trident           |    31 |    76 |    66 |       |       |       |       ||   173
       Headbutt          |     7 |     4 |       |       |       |       |       ||    11
       Demon trident     |       |       |    54 |   529 |   651 |  1288 |   368 ||  2890
       Unarmed           |       |       |     8 |       |       |       |       ||     8
Invok: Draw Summoning    |       |       |       |     6 |     6 |    13 |     9 ||    34
       Draw Destruction  |       |       |       |     2 |    10 |    13 |     2 ||    27
       Triple Draw       |       |       |       |       |       |       |     1 ||     1
Evoke: Wand              |       |       |       |     1 |     8 |     1 |       ||    10
  Use: Potion            |     7 |     3 |     4 |     4 |     2 |     2 |     6 ||    28
       Scroll            |     8 |     1 |     3 |    12 |     6 |     7 |     5 ||    42
 Stab: Petrified         |       |       |       |     1 |     2 |     1 |       ||     4
       Petrifying        |       |       |       |       |       |     1 |       ||     1
       Distracted        |       |       |       |       |       |     1 |     1 ||     2
Armor: Scale mail        |    52 |    19 |    70 |   144 |   140 |    85 |       ||   510
       Chain mail        |       |       |       |       |       |   183 |       ||   183
       Plate armour      |       |       |       |       |       |    71 |    95 ||   166
Dodge: Dodged            |    34 |    14 |    83 |   158 |   166 |   295 |    60 ||   810
Block: Buckler           |    14 |     6 |    39 |   100 |    71 |       |       ||   230
       Kite shield       |       |       |       |       |    65 |   497 |   140 ||   702

Table legend: (Time is in decaauts)
 A = Elapsed time spent in this place.
 B = Non-inter-level travel time spent in this place.
 C = Inter-level travel time spent in this place.
 D = Time resting spent in this place.
 E = Time spent auto-exploring this place.
 F = Levels seen in this place.
 G = Mean time per level.
                   A        B        C        D        E       F      G
               +--------+--------+--------+--------+--------+-----+--------+
         Total |  37488 |  35611 |   1877 |   1486 |  28999 |  34 | 1102.6 |
       Dungeon |  16080 |  15052 |   1028 |    357 |  12502 |  15 | 1072.0 |
        Temple |    366 |    319 |     47 |    150 |     98 |   1 |  366.0 |
          Lair |   6228 |   5974 |    254 |    355 |   4792 |   5 | 1245.6 |
         Swamp |   5063 |   4936 |    127 |     46 |   4211 |   4 | 1265.8 |
     Snake Pit |   5204 |   4901 |    303 |    346 |   3984 |   4 | 1301.0 |
  Orcish Mines |   2561 |   2446 |    115 |      0 |   2099 |   2 | 1280.5 |
        Vaults |   1644 |   1644 |      0 |    232 |   1146 |   1 | 1644.0 |
         Abyss |     45 |     45 |      0 |      0 |      0 |   1 |   45.0 |
       Ossuary |    294 |    294 |      0 |      0 |    166 |   1 |  294.0 |
               +--------+--------+--------+--------+--------+-----+--------+

Top non-repeatable levels by time:
    D:15: 2613 daAuts
    D:13: 1861 daAuts
 Swamp:4: 1728 daAuts
  Lair:2: 1690 daAuts
Vaults:1: 1644 daAuts
   Orc:2: 1529 daAuts
 Snake:2: 1528 daAuts
     D:9: 1359 daAuts
  Lair:3: 1352 daAuts
    D:11: 1319 daAuts
    D:14: 1317 daAuts
 Snake:1: 1307 daAuts
 Swamp:1: 1274 daAuts
 Snake:4: 1262 daAuts
     D:4: 1160 daAuts
